 Dungeon Crawl Stone Soup version 0.26.0-16-gc1dbca0489 (webtiles) character file.

Game seed: 5610767310342195463

80 runemasterragnar the Skirmisher (level 4, -9/75 HPs)
             Began as an Ogre Monk on Jan 21, 2021.
             Killed by nerve-wracking pain
             ... invoked by an orc priest
              (11 damage)
             ... on level 3 of the Dungeon.
             The game lasted 00:02:21 (1837 turns).

runemasterragnar the Skirmisher (Ogre Monk)         Turns: 1837, Time: 00:02:22

Health: -9/75      AC:  3    Str: 15    XL:     4   Next: 39%
Magic:  4/4        EV: 11    Int: 11    God:
Gold:   44         SH:  0    Dex: 12    Spells: 3/3 levels left

rFire    . . .     SeeInvis .   a - +1 war axe (venom)
rCold    . . .     Faith    .   (no shield)
rNeg     . . .     Spirit   .   b - +0 robe
rPois    .         Reflect  .   (helmet restricted)
rElec    .         Harm     .   (no cloak)
rCorr    .         Rampage  .   (gloves unavailable)
Will     .....                  (boots unavailable)
Stlth    ..........             (no amulet)
HPRegen  0.22/turn              i - ring of wizardry
MPRegen  0.09/turn              (no ring)

@: berserking, lethally poisoned (-9 -> -10), very quick
A: large, unfitting armour, tough skin 1
a: no special abilities


You were on level 3 of the Dungeon.
You visited 1 branch of the dungeon, and saw 3 of its levels.

You collected 44 gold pieces.

Inventory:

Hand Weapons
 a - a +1 war axe of venom (weapon)
Missiles
 e - 17 poisoned darts (quivered)
 n - 18 sling bullets
 o - a boomerang
Armour
 b - a +0 robe (worn)
Jewellery
 i - a ring of wizardry (left hand)
Scrolls
 h - a scroll of fog {unknown}
 m - a scroll of noise {unknown}
Potions
 c - a potion of lignification {unknown}
 d - a potion of curing {unknown}
 f - a potion of berserk rage
 g - a potion of attraction {unknown}
 j - a potion of flight {unknown}
 k - a potion of mutation {unknown}
 l - a potion of might {unknown}


   Skills:
 * Level 5.3 Fighting
 + Level 3.6 Axes
 + Level 1.1 Throwing
 + Level 3.1 Dodging
 - Level 1.4 Stealth


You had 3 spell levels left.
You didn't know any spells.
Your spell library was empty.

Dungeon Overview and Level Annotations

Branches:
Dungeon (3/15)

Altars:


Innate Abilities, Weirdness & Mutations

You are too large for most types of armour.
You have tough skin. (AC +1)


Message History

* * * LOW HITPOINT WARNING * * *
Unknown command.
You closely miss the orc priest. You closely miss the orc wizard.
You slash the orc!
You kill the orc!
The orc wizard hits you with a +0 dagger.
* * * LOW HITPOINT WARNING * * *
The orc priest hits you with a +0 short sword.
* * * LOW HITPOINT WARNING * * *
The orc wizard closely misses you.
A red film seems to cover your vision as you go berserk!
You feel yourself moving faster!
You feel mighty!
You feel sick.
The orc priest hits you with a +0 short sword!
* * * LOW HITPOINT WARNING * * *
The orc wizard completely misses you.
You closely miss the orc priest. You hit the orc wizard.
The orc wizard is poisoned.
The orc priest mumbles some strange prayers to Beogh against you.
Pain shoots through your body!
You die...

............
..........
#........#
#....(...#
####....(...#
............#
#)oo)....#
#.@......#
#........#
##)#######
#(################
#..))...........†.
##################


You could see an orc priest and an orc wizard (very poisoned).

Vanquished Creatures
  2 adders
  2 worms
  2 dart slugs (D:2)
  2 leopard geckos
  3 orcs (D:3)
  3 giant cockroaches (D:1)
  7 goblins
  6 hobgoblins
  5 kobolds
  A quokka (D:2)
  4 bats
  4 frilled lizards
  7 rats
48 creatures vanquished.

Notes
Turn   | Place    | Note
-------+----------+-------------------------------------------
     0 | D:1      | runemasterragnar the Ogre Monk began the quest for the Orb.
     0 | D:1      | Reached XP level 1. HP: 24/24 MP: 1/1
   149 | D:1      | Reached XP level 2. HP: 30/32 MP: 2/2
   656 | D:1      | Reached XP level 3. HP: 32/40 MP: 3/3
  1234 | D:2      | Reached skill level 5 in Fighting
  1592 | D:3      | Reached XP level 4. HP: 38/50 MP: 4/4
  1688 | D:3      | Reached skill level 1 in Throwing
  1836 | D:3      | HP: 2/75 [orc priest/+0 short sword (7)]
  1837 | D:3      | Killed from afar by an orc priest

Illustrated notes

Levels and vault maps discovered:
D:1:      dpeg_arrival_solitude, layout_loops_cross, minmay_misc_feat_five
D:2:      layout_basic, hangedman_decor_growths
D:3:      minmay_diamond_boxcup, layout_basic, lemuel_coloured_pillars_altar,
          nemelex_dance_club_becter

Skill      XL: |  1  2  3  4 |
---------------+-------------+-----
Dodging        | 3 |  3.1
Fighting       | 5 |  5.3
Throwing       | 1 |  1.1
Axes           | |  3.6
Stealth        | |  1.4

Action                   |  1- 3 |  4- 6 || total
-------------------------+-------+-------++-------
Melee: Hand axe          |   123 |     6 ||   129
       War axe           |       |     9 ||     9
Throw: Dart              |     3 |    13 ||    16
  Use: Scroll            |     1 |       ||     1
       Potion            |       |     1 ||     1
 Stab: Sleeping          |     3 |       ||     3
Armor: Robe              |    21 |     3 ||    24
Dodge: Dodged            |    84 |    16 ||   100
